 Dungeon Crawl Stone Soup version 0.27-a0-379-g34d631faf5 (console) character file.

Game seed: 12370256839386960479

50 Garrluk the Chopper (level 3, -1/49 HPs)
             Began as a Deep Dwarf Berserker on Feb 17, 2021.
             Was a Follower of Trog.
             Killed from afar by Natasha (6 damage)
             ... with a magic dart
             ... on level 2 of the Dungeon.
             The game lasted 00:02:14 (313 turns).

Garrluk the Chopper (Deep Dwarf Berserker)           Turns: 313, Time: 00:02:15

Health: -1/49      AC:  2    Str: 21    XL:     3   Next: 55%
Magic:  3/3        EV: 12    Int:  7    God:    Trog [*.....]
Gold:   15         SH:  0    Dex: 12    Spells: 2/2 levels left

rFire    . . .     SeeInvis .   a - +0 hand axe
rCold    . . .     Faith    .   (no shield)
rNeg     . . .     Spirit   .   b - +0 animal skin
rPois    .         Reflect  .   (no helmet)
rElec    .         Harm     .   (no cloak)
rCorr    .         Rampage  .   (no gloves)
Will     .....                  (no boots)
Stlth    ..........             (no amulet)
HPRegen  0.00/turn              (no ring)
MPRegen  0.08/turn              (no ring)

@: berserking, non-regenerating, very quick
A: damage resistance, heal wounds, sense surroundings 1, no regeneration
a: Heal Wounds, Renounce Religion, Berserk


You were on level 2 of the Dungeon.
You worshipped Trog.
Trog was aware of your devotion.
You visited 1 branch of the dungeon, and saw 2 of its levels.

You collected 15 gold pieces.

Notes
Turn   | Place    | Note
-------+----------+-------------------------------------------
     0 | D:1      | Garrluk the Deep Dwarf Berserker began the quest for the
                  | Orb.
     0 | D:1      | Reached XP level 1. HP: 20/20 MP: 1/1
   179 | D:2      | Reached skill level 4 in Axes
   179 | D:2      | Reached XP level 2. HP: 9/27 MP: 2/2
   218 | D:2      | Reached XP level 3. HP: 9/33 MP: 3/3
   304 | D:2      | Noticed Natasha
   312 | D:2      | Reached skill level 5 in Axes
   313 | D:2      | Killed from afar by Natasha

Inventory:

Hand Weapons
 a - a +0 hand axe (weapon)
Missiles
 d - 41 stones
Armour
 b - a +0 animal skin (worn)
Scrolls
 e - a scroll of enchant armour {unknown}
Potions
 c - a potion of haste {unknown}

Table legend: (Time is in decaauts)
 A = Elapsed time spent in this place.
 B = Non-inter-level travel time spent in this place.
 C = Inter-level travel time spent in this place.
 D = Time resting spent in this place.
 E = Time spent auto-exploring this place.
 F = Levels seen in this place.
 G = Mean time per level.
                   A        B        C        D        E       F      G
               +--------+--------+--------+--------+--------+-----+--------+
         Total |    323 |    323 |      0 |     34 |      0 |   2 |  161.5 |
       Dungeon |    323 |    323 |      0 |     34 |      0 |   2 |  161.5 |
               +--------+--------+--------+--------+--------+-----+--------+

Top non-repeatable levels by time:
     D:1: 166 daAuts
     D:2: 156 daAuts


   Skills:
 - Level 2.6 Fighting
 * Level 5.1 Axes
 - Level 2.1 Armour
 - Level 2.1 Dodging


You had 2 spell levels left.
You didn't know any spells.
Your spell library was empty.

Dungeon Overview and Level Annotations

Branches:
Dungeon (2/15)

Altars:

Annotations:
D:2 Natasha


Innate Abilities, Weirdness & Mutations

You are resistant to damage.
You can heal yourself by infusing magical energy.
You passively map a small area around you.
You do not regenerate.


Message History

The gnoll hits you with a +0 club!
The gnoll hits you from afar with a +0 spear.
You hit the gnoll.
The gnoll is severely wounded.
The gnoll closely misses you.
The gnoll hits you from afar with a +0 spear.
Natasha mumbles some strange words.
Natasha's front paws start to glow.
A red film seems to cover your vision as you go berserk!
You feel yourself moving faster!
You feel mighty! The gnoll hits you but does no damage.
The gnoll completely misses you.
You slash the gnoll!
You kill the gnoll!
Trog accepts your kill.
The gnoll hits you from afar with a +0 spear.
Natasha mumbles some strange words.
Things that are here:
a +0 club; a robe; a gnoll corpse You slash the gnoll!
The gnoll is severely wounded.
The gnoll closely misses you.
A gnoll comes into view.
The gnoll hits you with a +0 spear!
* * * LOW HITPOINT WARNING * * *
The gnoll shouts!
You slash the gnoll!
You kill the gnoll!
Trog accepts your kill.
The gnoll hits you from afar with a +0 spear.
* * * LOW HITPOINT WARNING * * *
Your Axes skill increases to level 5!
You slash Natasha!
Natasha is heavily wounded.
Natasha barely misses you.
You closely miss Natasha.
Natasha is heavily wounded.
The gnoll hits you from afar with a +0 spear.
* * * LOW HITPOINT WARNING * * *
Natasha stares at you and mumbles some strange words.
The magic dart hits you!
You die...

.....,,,, , ....# #..
#. ##..# #...,..* *
##..# *, ....##. , *
....# ** #......, **
##.##* * g.... ##.##
*, .g5* # ....# *
*#S###.#
###.##+####*<*#g5...#
#.#.....# ##h####
#.'.....######@#
###...#........#
#...#####.####
###.......# #.......#
#......## * *
#...)..# #......# ,
#......# ########


You could see Natasha, 2 gnolls, a crimson imp (summoned), an adder and a shadow
imp (summoned).

Table legend:
 A = Kills in this place as a percentage of kills in entire the game.
 B = Kills by you in this place as a percentage of kills by you in the entire game.
 C = Kills by friends in this place as a percentage of kills by friends in the entire game.
 D = Other kills in this place as a percentage of other kills in the entire game.
 E = Experience gained in this place as a percentage of experience gained in the entire game.
 F = Experience gained in this place divided by the number of levels of this place that you have seen.
                   A       B       C       D       E      F
               +-------+-------+-------+-------+-------+----------------------
         Total | 100.0 | 100.0 |   N/A |   N/A | 100.0 |  36.0
       Dungeon | 100.0 | 100.0 |   N/A |   N/A | 100.0 |  36.0
               +-------+-------+-------+-------+-------+----------------------

Vanquished Creatures
  Monster Symbol All 'K'
  4 kobolds
4 creatures vanquished. All 'P' A plant (D:1)
1 creature vanquished. All 'S' 2 adders (D:2)
2 creatures vanquished. All 'b' A bat (D:1)
1 creature vanquished. All 'g' 2 gnolls (D:2) 2 goblins
4 creatures vanquished. All 'l' 2 frilled lizards
2 creatures vanquished. All 'r' A rat (D:2)
1 creature vanquished. All 'w' A dart slug (D:2)
1 creature vanquished.
16 creatures vanquished. Monster Nature Natural Monsters 2 gnolls (D:2) 2 adders (D:2) A dart slug (D:2) 2 goblins 4 kobolds A bat (D:1) 2 frilled lizards A rat (D:2)
15 creatures vanquished. Plants A plant (D:1)
1 creature vanquished.
16 creatures vanquished. Ascending Order A dart slug (D:2) A rat (D:2) A bat (D:1) A plant (D:1) 2 gnolls (D:2) 2 adders (D:2) 2 goblins 2 frilled lizards 4 kobolds
16 creatures vanquished.

Action                   || total
-------------------------++-------
Melee: Hand axe          ||    52
Invok: Berserk           ||     2
 Abil: Heal Wounds       ||     1
 Stab: Sleeping          ||     1
Armor: Animal skin       ||     4
Dodge: Dodged            ||    37
